 Dungeon Crawl Stone Soup version 0.24.0-123-gd5b16e6ec5 (webtiles) character file.

Game seed: 10584757283794919301, levelgen mode: deterministic

11308 Chiseanne the Eclecticist (level 11, -2/54 HPs)
             Began as a Deep Elf Wizard on Jan 9, 2020.
             Was a Priest of Vehumet.
             Slain by a blink frog (6 damage)
             ... led by Prince Ribbit
             ... on level 10 of the Dungeon.
             The game lasted 00:41:08 (15916 turns).

Chiseanne the Eclecticist (Deep Elf Wizard)        Turns: 15916, Time: 00:41:08

Health: -2/54      AC:  5    Str:  4    XL:     11   Next: 47%
Magic:  9/32       EV: 17    Int: 27    God:    Vehumet [***...]
Gold:   30         SH:  0    Dex: 13    Spells: 32/41 levels left

rFire    + . .     SeeInvis .   a - +4 dagger (venom)
rCold    . . .     Gourm    .   (no shield)
rNeg     . . .     Faith    +   N - +2 robe {Archmagi}
rPois    .         Spirit   .   b - +1 hat
rElec    .         Reflect  .   P - scarf {cloud immunity}
rCorr    .         Harm     .   (no gloves)
MR       +....                  (no boots)
Stlth    ++........             O - amulet of faith
HPRegen  0.18/turn              I - ring of protection from fire
MPRegen  0.23/turn              x - +4 ring of evasion

@: no status effects
A: no striking features
a: Renounce Religion


You were on level 10 of the Dungeon.
You worshipped Vehumet.
Vehumet was most pleased with you.
You were hungry.

You visited 3 branches of the dungeon, and saw 13 of its levels.

You collected 621 gold pieces.
You spent 591 gold pieces at shops.

Inventory:

Hand Weapons
 a - a +4 dagger of venom (weapon)
 k - a +3 shortbow
 r - a +2 quarterstaff of chaos
 w - a +0 hunting sling
 B - a +4 flail of protection
 J - a +0 short sword of speed
 M - a +1 scimitar of flaming
Missiles
 e - 254 stones
 g - 440 arrows
 p - 3 throwing nets
 u - 44 bolts
 v - 90 sling bullets
 y - 8 atropa-tipped darts
 C - 49 poisoned darts (quivered)
 E - 11 boomerangs
Armour
 b - a +1 hat (worn)
 z - a +0 cloak
 N - a +2 robe of the Archmagi (worn)
 P - a scarf of cloud immunity (worn)
Magical Staves
 h - an uncursed staff of earth
Jewellery
 t - an uncursed ring of poison resistance
 x - a +4 ring of evasion (right hand)
 I - a ring of protection from fire (left hand)
 O - an amulet of faith (around neck)
Wands
 m - a wand of flame (25)
 F - a wand of iceblast (30)
 T - a wand of paralysis (11)
 U - a wand of digging (8)
Scrolls
 c - a scroll of amnesia
 q - 4 scrolls of immolation
 D - 3 scrolls of remove curse
 G - 2 scrolls of teleportation
 H - a scroll of fear
Potions
 f - 2 potions of magic
 i - a potion of flight
 j - 2 potions of brilliance
 l - 2 potions of heal wounds
 n - 3 potions of mutation
 o - 2 potions of resistance
 s - 2 potions of curing
 A - 3 potions of ambrosia
 K - 2 potions of might
 Q - 2 potions of berserk rage
 R - a potion of invisibility
 S - a potion of haste
Comestibles
 d - 17 rations


   Skills:
 - Level 3.9 Short Blades
 - Level 2.4 Dodging
 - Level 2.4 Stealth
 * Level 15.9 Spellcasting
 * Level 13.3 Conjurations
   Level 1.1 Summonings
 - Level 1.1 Translocations


You had 32 spell levels left.
You knew the following spells:

 Your Spells              Type           Power        Failure   Level  Hunger
a - Magic Dart            Conj           ####         0%          1    None
b - Blink                 Tloc           N/A          2%          2    None
c - Conjure Flame         Conj/Fire      ######..     1%          3    None
d - Mephitic Cloud        Conj/Pois/Air  ######..     1%          3    None

Your spell library contained the following spells:

 Spells                   Type           Power        Failure   Level  Hunger
 Throw Flame              Conj/Fire      ######       1%          2    None
 Call Imp                 Summ           #####...     2%          2    None
 Slow                     Hex            ####....     3%          2    None


Dungeon Overview and Level Annotations

Branches:
Dungeon (11/15)            Temple (1/1) D:7            Lair (1/6) D:10
    Orc (0/2) D:10

Altars:
Ashenzari
Cheibriados
Dithmenos
Elyvilon
Fedhas
Makhleb
Nemelex Xobeh
Okawaru
Qazlal
Ru
Sif Muna
Trog
Vehumet
Wu Jian
Xom
Zin

Shops:
D:4 !   D:11 !

Annotations:
D:5 2 runed translucent doors, Elellon's ghost, novice MiBe
D:7 exclusion: ice statue
D:11 exclusion: vampire
Lair:1 Prince Ribbit


Message History

* * * LOW HITPOINT WARNING * * *
You feel sick.
You feel better.
The blink frog hits you but does no damage.
The blink frog hits you.
You closely miss the blink frog.
The water moccasin is engulfed in blazing flames.
The water moccasin misses you. The blink frog closely misses you.
The water moccasin is engulfed in blazing flames.
The water moccasin misses you.
You closely miss the blink frog. The blink frog closely misses you.
The water moccasin is engulfed in blazing flames.
You kill the water moccasin!
Vehumet accepts your kill.
You barely miss the blink frog. The blink frog completely misses you.
You hit the blink frog but do no damage.
The blink frog is poisoned.
The blink frog hits you!
* * * LOW HITPOINT WARNING * * *
You barely miss the blink frog. The blink frog hits you.
You die...

.÷)...#####
#####)....######## #
#.###...P.P..### #
##.##...........### #
#......PP.P....PP.### #
#......P.P...P......#
####..P.PP.....P.....P.##
.##.........P.PF........#
....P.P........§@.....P.#
.##.......P..P.P........#
##....P.P....>......P...##
##...P................P..#
..............P.....PP...#
##...P..P..............#.#
##...P..P......PP....P..#
###.......P.P..P...P.##.##
....#........P..........#


You could see a blink frog.

Vanquished Creatures
  Erica (D:9)
  A two-headed ogre (D:11)
  A fire crab (D:10)
  A cyclops (D:11)
  Joseph (D:8)
  A spiny frog (Lair:1)
  2 kobold demonologists (D:10)
  A troll (D:11)
  2 hippogriffs (D:10)
  2 wraiths (D:10)
  Grum (D:10)
  5 yaks (D:10)
  A hungry ghost (D:11)
  Edmund (D:6)
  2 water moccasins
  4 porcupines (D:10)
  2 orc warriors
  3 phantoms
  2 black bears
  17 centaurs
  5 ogres
  3 wolves (D:10)
  3 crocodiles (D:10)
  9 bullfrogs
  A wyvern skeleton (D:8)
  2 scorpions
  8 killer bees
  A howler monkey (D:6)
  2 crimson imps
  A centaur zombie (D:7)
  A quasit (D:7)
  A jelly (D:5)
  Crazy Yiuf (D:3)
  A bullfrog zombie (D:10)
  10 orc priests
  3 bullfrog skeletons
  2 hounds
  An iron imp (D:5)
  9 orc wizards
  7 iguanas
  6 worker ants
  17 gnolls
  13 adders
  An ooze (D:1)
  3 adder skeletons
  2 adder zombies
  4 worms
  3 dart slugs (D:1)
  6 leopard geckos
  35 orcs
  A ball python (D:1)
  A giant cockroach (D:5)
  6 goblins
  7 hobgoblins
  17 jackals
  5 kobolds
  5 quokkas
  3 bats
  2 frilled lizards
  A leopard gecko skeleton (D:9)
  A quokka skeleton (D:9)
  7 rats
268 creatures vanquished.

Vanquished Creatures (others)
  45 fungi (D:10)
  29 plants (D:10)
74 creatures vanquished.

Grand Total: 342 creatures vanquished

Notes
Turn   | Place    | Note
-------+----------+-------------------------------------------
     0 | D:1      | Chiseanne the Deep Elf Wizard began the quest for the Orb.
     0 | D:1      | Reached XP level 1. HP: 10/10 MP: 7/7
   201 | D:1      | Reached XP level 2. HP: 15/15 MP: 6/9
   584 | D:1      | Reached skill level 5 in Spellcasting
  1042 | D:2      | Reached XP level 3. HP: 19/19 MP: 8/11
  1993 | D:3      | Learned a level 2 spell: Blink
  1997 | D:3      | Learned a level 3 spell: Conjure Flame
  2001 | D:3      | Learned a level 3 spell: Mephitic Cloud
  2335 | D:3      | Reached XP level 4. HP: 24/24 MP: 11/13
  2636 | D:3      | Reached skill level 6 in Spellcasting
  2722 | D:3      | Found a sparkling altar of Nemelex Xobeh.
  3004 | D:3      | Reached XP level 5. HP: 26/28 MP: 4/15
  3272 | D:3      | Found a runed translucent door.
  3273 | D:3      | Noticed Crazy Yiuf
  3288 | D:3      | Killed Crazy Yiuf
  3472 | D:4      | Found Jomm's Distillery.
  3482 | D:4      | Bought a potion of curing for 39 gold pieces
  3482 | D:4      | Bought a potion of brilliance for 52 gold pieces
  3503 | D:4      | Reached skill level 1 in Short Blades
  3738 | D:4      | Noticed a centaur
  3754 | D:4      | Killed a centaur
  3754 | D:4      | Reached skill level 7 in Spellcasting
  3754 | D:4      | Reached XP level 6. HP: 24/32 MP: 13/18
  4214 | D:4      | Found a shadowy altar of Dithmenos.
  4707 | D:4      | Reached skill level 5 in Conjurations
  5129 | D:4      | Bought a potion of magic for 104 gold pieces
  5148 | D:5      | Entered Level 5 of the Dungeon
  5160 | D:5      | Reached XP level 7. HP: 26/36 MP: 13/20
  5781 | D:5      | Reached skill level 8 in Spellcasting
  6095 | D:5      | Found a glowing silver altar of Zin.
  6154 | D:5      | Found a snail-covered altar of Cheibriados.
  6175 | D:5      | HP: 1/36 [iron imp (9)]
  6564 | D:5      | Reached XP level 8. HP: 31/41 MP: 22/22
  6671 | D:5      | Reached skill level 9 in Spellcasting
  6743 | D:5      | Found a runed translucent door.
  6743 | D:5      | Noticed Elellon's ghost (novice MiBe)
  6796 | D:5      | Found a runed translucent door.
  7522 | D:6      | Found a white marble altar of Elyvilon.
  7522 | D:6      | Noticed Edmund
  7623 | D:6      | Killed Edmund
  7805 | D:6      | Found a shattered altar of Ashenzari.
  7832 | D:6      | Reached skill level 10 in Spellcasting
  8183 | D:6      | Found a blossoming altar of Fedhas.
  8615 | D:7      | Found a staircase to the Ecumenical Temple.
  8628 | Temple   | Entered the Ecumenical Temple
  8635 | Temple   | Became a worshipper of Vehumet
  8826 | D:7      | Reached XP level 9. HP: 45/45 MP: 21/25
  8903 | D:7      | Reached skill level 11 in Spellcasting
  9121 | D:7      | Noticed an ice statue
 10500 | D:8      | Reached * piety under Vehumet
 10500 | D:8      | Offered knowledge of Flame Tongue by Vehumet.
 10719 | D:8      | Found an ornate altar of the Wu Jian Council.
 10915 | D:8      | Reached skill level 12 in Spellcasting
 11170 | D:8      | Found a sacrificial altar of Ru.
 11271 | D:8      | Found a bloodstained altar of Trog.
 11448 | D:8      | Noticed Joseph
 11477 | D:8      | Killed Joseph
 11477 | D:8      | Reached skill level 10 in Conjurations
 11599 | D:8      | Found a shimmering blue altar of Sif Muna.
 11908 | D:9      | Noticed Erica
 11928 | D:9      | Killed Erica
 11928 | D:9      | Reached skill level 13 in Spellcasting
 11928 | D:9      | Reached XP level 10. HP: 28/50 MP: 26/29
 12083 | D:9      | Found an ornate altar of the Wu Jian Council.
 12106 | D:9      | Found a blossoming altar of Fedhas.
 12742 | D:9      | Found a shimmering altar of Xom.
 13250 | D:10     | Entered Level 10 of the Dungeon
 13297 | D:10     | Reached skill level 14 in Spellcasting
 13596 | D:10     | Reached ** piety under Vehumet
 13596 | D:10     | Offered knowledge of Freeze by Vehumet.
 13614 | D:10     | Noticed Grum
 13642 | D:10     | Killed Grum
 13963 | D:10     | Found a transporter.
 13966 | D:10     | Noticed a fire crab
 14078 | D:10     | Found a transporter.
 14105 | D:10     | Killed a fire crab
 14105 | D:10     | Reached XP level 11. HP: 54/54 MP: 28/31
 14106 | D:10     | Reached skill level 15 in Spellcasting
 14138 | D:10     | Offered knowledge of Throw Flame by Vehumet.
 14203 | D:10     | Found a staircase to the Orcish Mines.
 14311 | D:10     | Found a staircase to the Lair.
 14790 | D:11     | Noticed a two-headed ogre
 14842 | D:11     | Killed a two-headed ogre
 15098 | D:11     | Noticed a purple ugly thing
 15099 | D:11     | Noticed a green ugly thing
 15374 | D:11     | Reached *** piety under Vehumet
 15385 | D:11     | Found Dashuymm's Distillery.
 15547 | D:11     | Bought 2 potions of berserk rage for 120 gold pieces
 15547 | D:11     | Bought a potion of invisibility for 96 gold pieces
 15547 | D:11     | Bought a potion of haste for 120 gold pieces
 15547 | D:11     | Bought a potion of heal wounds for 60 gold pieces
 15876 | Lair:1   | Entered Level 1 of the Lair of Beasts
 15896 | Lair:1   | Noticed Prince Ribbit
 15916 | D:10     | Slain by a blink frog

Levels and vault maps discovered:
D:1:      tarquinn_simple_flora_water_a, layout_loops_ring
D:2:      layout_basic, first_ration
D:3:      layout_rooms, nemelex_xobeh_ov_fountains_minmay,
          uniq_crazy_yiuf_cottage
D:4:      layout_loops_ring, nicolae_overflow_hidden_temple, serial_shops,
          nicolae_shop_statue_plus
D:5:      layout_basic, slow_altar_1, lemuel_doored_altar,
          ebering_ghost_sewer_f, grunt_decor_mini_mirrors, grunt_ministairs_5
D:6:      layout_basic, elyvilon_altar_5, evilmike_ruin_ashenzari, basic_altar,
          dk_vineyard_2, uniq_edmund
D:7:      lemuel_ice_statue, layout_basic, minmay_temple_entry_poolview,
          serial_curves, eino_curves_04, eino_curves_04, hex_large
D:8:      layout_rooms, kennysheep_little_box, kennysheep_mini,
          lemuel_blue_sif_altar, kennysheep_mini_moat, uniq_joseph
D:9:      layout_roguey, fedhas_bush_and_centaur_altar,
          lemuel_coloured_pillars_altar, basic_altar, uniq_erica
D:10:     gammafunk_wand_slinger, layout_loops_ring,
          due_lair_maze_entry_diamond, uniq_grum
D:11:     layout_small_grid, serial_shops, shop_fountains
Temple:   eino_wide_crystal_templ
Lair:1:   dpeg_oklob_gauntlet, layout_long_grid, st_stairs_7,
          grunt_megastairs_1, uniq_prince_ribbit2

Skill      XL: |  1  2  3  4  5  6  7  8  9 10 11 |
---------------+----------------------------------+-----
Conjurations   | 2 3 4 5 6 8 10 12 13 | 13.3
Spellcasting   | 5 6 7 8 10 13 14 15 | 15.9
Short Blades   | 1 3 |  3.9
Dodging        | |  2.4
Stealth        | |  2.4
Summonings     | |  1.1
Translocations | |  1.1

Action                   |  1- 3 |  4- 6 |  7- 9 | 10-12 || total
-------------------------+-------+-------+-------+-------++-------
Melee: Club              |     8 |       |       |       ||     8
       Dagger            |     7 |    66 |   179 |   148 ||   400
       Whip              |       |    10 |       |       ||    10
Throw: Dart              |       |       |       |     1 ||     1
       Stone             |       |       |       |     1 ||     1
 Cast: Magic Dart        |    97 |    57 |   313 |   184 ||   651
       Blink             |     3 |     2 |    22 |    16 ||    43
       Mephitic Cloud    |       |    15 |    21 |    35 ||    71
       Conjure Flame     |       |     1 |    14 |    28 ||    43
Evoke: Wand              |       |       |       |     9 ||     9
  Use: Scroll            |     3 |     9 |     4 |    10 ||    26
       Potion            |       |       |     1 |     3 ||     4
 Stab: Confused          |       |     4 |    11 |    12 ||    27
       Sleeping          |       |     1 |     2 |       ||     3
  Eat: Chunk             |     4 |     7 |    15 |    11 ||    37
       Ration            |       |       |     2 |     1 ||     3
Armor: Robe              |     4 |     3 |    24 |    11 ||    42
Dodge: Dodged            |    22 |    40 |   158 |   113 ||   333
